 Dungeon Crawl Stone Soup version 0.27-a0-1188-g73eefd5def (webtiles) character file.

Game seed: 10206754242116403027

2655 chippings the Basher (level 9, -8/71 HPs)
             Began as a Demigod Delver on May 21, 2021.
             Mangled by a komodo dragon (15 damage)
             ... on level 7 of the Dungeon.
             The game lasted 00:17:51 (8072 turns).

chippings the Basher (Demigod Delver)               Turns: 8072, Time: 00:17:52

Health: -8/71      AC: 11    Str: 13    XL:     9   Next: 14%
Magic:  5/5        EV: 10    Int: 20    God:
Gold:   392        SH:  0    Dex: 15    Spells: 11/14 levels left

rFire    + . .     SeeInvis +   k - +7 mace "Wistrid" {antimagic, rF+ Str-4 SInv}
rCold    . . .     Faith    .   (no shield)
rNeg     . . .     Spirit   .   A - +0 ring mail
rPois    +         Reflect  .   t - +2 helmet
rElec    .         Harm     .   D - +1 cloak {rPois}
rCorr    .         Rampage  .   (no gloves)
Will     +....                  y - +0 pair of boots
Stlth    ++........             (no amulet)
HPRegen  0.21/turn              s - ring of willpower
MPRegen  0.09/turn              (no ring)

@: no status effects
A: high mp 1, forlorn
a: no special abilities


You were on level 7 of the Dungeon.
You visited 1 branch of the dungeon, and saw 8 of its levels.

You collected 392 gold pieces.

Inventory:

Hand Weapons
 k - the +7 mace "Wistrid" (weapon) {antimagic, rF+ Str-4 SInv}
   (You found it on level 5 of the Dungeon)

   It reduces the magical energy of the wielder, and disrupts the spells and
   magical abilities of those hit.
   Natural abilities and divine invocations are not affected.
   It affects your strength (-4).
   It protects you from fire.
   It lets you see invisible.
 m - a +0 morningstar
 r - a +0 vorpal flail
Missiles
 a - 2 throwing nets
 h - 33 poisoned darts (quivered)
 i - 8 javelins
 o - 6 boomerangs
 z - a curare-tipped dart
Armour
 t - a +2 helmet (worn)
 y - a +0 pair of boots (worn)
 A - a +0 ring mail (worn)
 D - a +1 cloak of poison resistance (worn)
Magical Staves
 u - a staff of fire
Jewellery
 s - a ring of willpower (left hand)
Wands
 b - a wand of charming (8)
 e - a wand of mindburst (13)
 g - a wand of digging (3)
 j - a wand of acid (3)
 B - a wand of polymorph (7)
Scrolls
 c - a scroll of fog
 d - 3 scrolls of magic mapping
 q - 2 scrolls of enchant weapon
 w - a scroll of noise
 x - a scroll of silence
 C - a scroll of torment
 F - a scroll of identify
Potions
 f - 5 potions of haste
 l - 3 potions of resistance {unknown}
 n - 3 potions of might {unknown}
 p - 2 potions of lignification
 v - 2 potions of heal wounds
 E - a potion of attraction


   Skills:
 - Level 4.0 Fighting
 - Level 1.7 Long Blades
 - Level 8.7 Maces & Flails
 - Level 1.7 Dodging
 - Level 4.5 Stealth
 + Level 3.3 Spellcasting
 + Level 1.5 Conjurations
 + Level 3.5 Fire Magic
 - Level 4.0 Evocations


You had 11 spell levels left.
You knew the following spells:

 Your Spells              Type           Power      Damage    Failure   Level
a - Vampiric Draining     Necr           1%         2d6       65%         3

Your spell library contained the following spells:

 Spells                   Type           Power      Damage    Failure   Level
 Magic Dart               Conj           36%        1d4       16%         1
 Animate Skeleton         Necr           6%         N/A       30%         1
 Pain                     Necr           12%        1d4       30%         1
 Conjure Flame            Conj/Fire      13%        6-21      32%         3
 Blink                    Tloc           N/A        N/A       41%         2
 Call Imp                 Summ           3%         N/A       41%         2
 Slow                     Hex            3%         N/A       41%         2
 Mephitic Cloud           Conj/Pois/Air  5%         N/A       58%         3
 Confusing Touch          Hex            3%         N/A       65%         3
 Gell's Gravitas          Tloc           1%         N/A       65%         3
 Animate Dead             Necr           1%         N/A       96%         4
 Petrify                  Tmut/Erth      3%         N/A       96%         4
 Agony                    Necr           3%         N/A       100%        5
 Metabolic Englaciation   Hex/Ice        1%         N/A       100%        5
 Yara's Violent Unravell  Hex/Tmut       1%         3d3       100%        5


Dungeon Overview and Level Annotations

Branches:
Dungeon (8/15)             Temple (0/1) D:6            Lair (0/6) D:8

Shops:
D:4 :   D:5 :


Innate Abilities, Weirdness & Mutations

Your attributes grow dramatically as you level up.
You have an increased reservoir of magic. (+10% MP)
You shall have no god before yourself.


Message History

A scorpion comes into view.
Aiming: Mindburst
Press: ? - help, Shift-Dir - straight line, f/p - komodo dragon
Aim: a komodo dragon (chance to affect: 66%)
The komodo dragon's mind is blasted!
You hear an angry buzzing noise.
A killer bee comes into view.
Aiming: Mindburst
Press: ? - help, Shift-Dir - straight line, f/p - komodo dragon
Aim: a komodo dragon (moderately wounded, chance to affect: 66%)
The komodo dragon struggles to resist.
A killer bee comes into view.
A killer bee comes into view.
A killer bee comes into view.
There is an escape hatch in the ceiling here.
The killer bee stings you. The killer bee misses you.
The komodo dragon bites you!!
The killer bee buzzes angrily. x2
A mysterious force pulls you upwards. The hatch slams shut behind you.
Unknown command.
The killer bee stings you. The killer bee barely misses you.
The killer bee stings you.
The killer bee stings you but does no damage.
Aiming: Corrosive Bolt
Press: ? - help, Shift-Dir - straight line, f - komodo dragon
Aim: a komodo dragon (moderately wounded, 81% to hit)
The bolt of acid hits the killer bee!
The killer bee is splashed with acid!
The acid corrodes the killer bee!
You kill the killer bee!
The bolt of acid hits the komodo dragon!!
The komodo dragon is splashed with acid.
The komodo dragon is almost dead.
You closely miss the komodo dragon.
The komodo dragon is almost dead.
The komodo dragon bites you!!
* * * LOW HITPOINT WARNING * * *
You sock the komodo dragon!
The komodo dragon is almost dead.
The komodo dragon bites you!
You die...

############## ########
#............# #......#
#............# #......#
#............# #......#
#............# #......#####
#............# #...........
###...........l######...........
#.....#########@................
#.....#..+....#......##.....#...
#.....#..#....#......+..†...#...
#.....#'###...#......#......##..
#.....#..##...###+####'......#..
#.....#.......#.....##.......##.
#.....#.......#......#.###....#.
#....>#..##...##.....#...###.##'
#.....#######'##.....+.....###..


You could see a komodo dragon.

Vanquished Creatures
  Prince Ribbit (D:5)
  Sigmund (D:4)
  A water moccasin (D:8)
  An orc warrior (D:7)
  A black bear (D:6)
  2 centaurs
  A kobold brigand (D:6)
  2 elf zombies (D:4)
  Blork the orc (D:6)
  3 gnoll sergeants (D:7)
  A scorpion (D:5)
  A wyvern zombie (D:8)
  A water moccasin skeleton (D:6)
  5 wights (D:6)
  A killer bee (D:7)
  A howler monkey (D:6)
  A bullfrog zombie (D:7)
  3 centaur zombies
  2 jellies (D:7)
  Crazy Yiuf (D:4)
  A bullfrog skeleton (D:6)
  2 orc priests (D:6)
  2 hounds
  A centaur skeleton (D:5)
  2 iguanas (D:6)
  4 orc wizards
  A human skeleton (D:4)
  2 hound skeletons (D:5)
  21 gnolls
  3 adders
  2 shadow imps (D:6)
  A white imp (D:6)
  2 dart slugs
  13 orcs
  5 bats (D:1)
  7 endoplasms
  A giant cockroach (D:1)
  7 goblins
  4 hobgoblins
  5 jackals
  7 ball pythons
  2 frilled lizards
  10 kobolds
  3 orc skeletons (D:4)
  8 rats
147 creatures vanquished.

Vanquished Creatures (others)
  29 fungi (D:8)
  36 plants
65 creatures vanquished.

Grand Total: 212 creatures vanquished

Notes
Turn   | Place    | Note
-------+----------+-------------------------------------------
     0 | D:5      | chippings the Demigod Delver began the quest for the Orb.
     0 | D:5      | Reached XP level 1. HP: 18/18 MP: 3/3
   147 | D:5      | Noticed a scorpion
   188 | D:5      | Identified the +7 mace "Wistrid" {antimagic, rF+ Str-4
                  | SInv}
   199 | D:5      | Reached skill level 1 in Maces & Flails
   199 | D:5      | Reached XP level 2. HP: 18/25 MP: 1/4
   377 | D:3      | Reached skill level 2 in Maces & Flails
   777 | D:1      | Reached XP level 3. HP: 28/30 MP: 1/5
   802 | D:1      | You fall into a shaft and drop 1 floor!
  1106 | D:1      | Reached skill level 3 in Maces & Flails
  1878 | D:2      | Reached XP level 4. HP: 33/37 MP: 2/6
  2436 | D:4      | Reached skill level 4 in Maces & Flails
  2642 | D:4      | Noticed Sigmund
  2654 | D:4      | Killed Sigmund
  2655 | D:4      | Reached skill level 5 in Maces & Flails
  2655 | D:4      | Reached XP level 5. HP: 15/42 MP: 2/7
  2902 | D:4      | You fall into a shaft and drop 1 floor!
  3029 | D:4      | Reached XP level 6. HP: 47/50 MP: 2/8
  3069 | D:4      | Found Keinink's Book Shop.
  3088 | D:4      | Learned a level 3 spell: Vampiric Draining
  3140 | D:4      | Found a runed translucent door.
  3141 | D:4      | Noticed Crazy Yiuf
  3149 | D:4      | Killed Crazy Yiuf
  3250 | D:4      | Reached skill level 6 in Maces & Flails
  3802 | D:5      | Noticed Prince Ribbit
  3813 | D:5      | Killed Prince Ribbit
  3814 | D:5      | Reached skill level 7 in Maces & Flails
  3814 | D:5      | Reached XP level 7. HP: 40/56 MP: 3/9
  4209 | D:5      | Found Ihuuxtid's Book Boutique.
  4306 | D:6      | Found a staircase to the Ecumenical Temple.
  4383 | D:6      | Reached skill level 8 in Maces & Flails
  4444 | D:6      | Reached skill level 1 in Evocations
  4621 | D:6      | Reached XP level 8. HP: 33/63 MP: 3/10
  5198 | D:6      | Noticed Blork the orc
  5229 | D:6      | Killed Blork the orc
  5603 | D:7      | Reached skill level 1 in Spellcasting
  5603 | D:7      | Reached skill level 1 in Fire Magic
  7587 | D:8      | Reached XP level 9. HP: 56/66 MP: 5/16
  7843 | D:7      | Reached skill level 1 in Conjurations
  8047 | D:8      | Found a staircase to the Lair.
  8052 | D:8      | Noticed a komodo dragon
  8072 | D:7      | Mangled by a komodo dragon

Illustrated notes

Levels and vault maps discovered:
D:1:      dpeg_arrival_subterranean_lakeside_camping, layout_rooms,
          chequers_ecumenical_altar_simple_redux, minmay_misc_feat_chi,
          minivault_23
D:2:      layout_basic, basic_altar, kennysheep_generic_room_14
D:3:      layout_basic
D:4:      layout_loops_ring, nicolae_ossuary_entry_catacombs, serial_shops,
          shop, kennysheep_generic_room_3, uniq_sigmund, uniq_crazy_yiuf_cottage
D:5:      layout_loops_ring, fedhas_altar_1,
          chequers_temple_overflow_minitemple, serial_shops,
          kennysheep_little_box, uniq_prince_ribbit1
D:6:      layout_rooms, minmay_temple_entry_butterflies, uniq_blork_the_orc
D:7:      layout_gridville, nicolae_ashenzari_panopticon
D:8:      layout_rooms, grunt_temple_overflow_gold_and_silver,
          dancing_weapons_uskayaw, due_lair_maze_entry_diamond, kb_rosetta

Skill      XL: |  1  2  3  4  5  6  7  8  9 |
---------------+----------------------------+-----
Maces & Flails | 1 2 3 5 7 8 |  8.7
Fighting       | 3 4 |  4.0
Evocations     | 2 4 |  4.0
Spellcasting   | 2 3 |  3.3
Fire Magic     | 3 |  3.5
Conjurations   | 1 |  1.5
Long Blades    | |  1.7
Dodging        | |  1.7
Stealth        | |  4.5

Action                   |  1- 3 |  4- 6 |  7- 9 || total
-------------------------+-------+-------+-------++-------
Melee: Mace              |    77 |   116 |   285 ||   478
Throw: Dart              |       |     4 |       ||     4
Evoke: Wand              |       |       |    10 ||    10
  Use: Scroll            |       |       |    14 ||    14
       Potion            |       |       |     2 ||     2
 Stab: Sleeping          |    10 |     5 |     1 ||    16
Armor: Leather armour    |    29 |     6 |       ||    35
       Ring mail         |       |    39 |   124 ||   163
Dodge: Dodged            |    33 |    48 |   154 ||   235

Table legend: (Time is in decaauts)
 A = Elapsed time spent in this place.
 B = Non-inter-level travel time spent in this place.
 C = Inter-level travel time spent in this place.
 D = Time resting spent in this place.
 E = Time spent auto-exploring this place.
 F = Levels seen in this place.
 G = Mean time per level.
                   A        B        C        D        E       F      G
               +--------+--------+--------+--------+--------+-----+--------+
         Total |   8107 |   7876 |    231 |    547 |   5184 |   8 | 1013.4 |
       Dungeon |   8107 |   7876 |    231 |    547 |   5184 |   8 | 1013.4 |
               +--------+--------+--------+--------+--------+-----+--------+

Top non-repeatable levels by time:
     D:7: 2365 daAuts
     D:4: 1223 daAuts
     D:6: 1051 daAuts
     D:5: 1039 daAuts
     D:2: 1006 daAuts
     D:1: 553 daAuts
     D:3: 501 daAuts
     D:8: 365 daAuts
